 Dungeon Crawl Stone Soup version 0.22-a0-303-g4a852b3 (webtiles) character file.

51 empire the Digger (level 3, -6/28 HPs)
             Began as a Gnoll Wanderer on Mar 27, 2018.
             Mangled by a wyvern (12 damage)
             ... on level 3 of the Dungeon.
             The game lasted 00:03:53 (1260 turns).

empire the Digger (Gnoll Wanderer)                  Turns: 1260, Time: 00:03:54

Health: -6/28      AC:  5    Str: 16    XL:     3   Next: 81%
Magic:  4/4        EV: 10    Int: 14    God:
Gold:   118        SH:  0    Dex: 13    Spells: 3/3 levels left

rFire    . . .     SeeInvis .   a - +2 whip (freeze)
rCold    . . .     Gourm    .   (no shield)
rNeg     + . .     Faith    .   c - +0 ring mail
rPois    .         Spirit   .   (no helmet)
rElec    .         Reflect  .   (no cloak)
rCorr    +         Harm     .   (no gloves)
MR       .....                  (no boots)
Stlth    +.........             (no amulet)
HPRegen  0.09/turn              p - ring of positive energy
MPRegen  0.09/turn              q - ring of resist corrosion

@: very slightly contaminated, hasted, invisible, very quick
A: distributed training, fangs 1, strong nose
a: no special abilities


You were on level 3 of the Dungeon.
You were not hungry.

You visited 1 branch of the dungeon, and saw 3 of its levels.

You collected 118 gold pieces.

Inventory:

Hand Weapons
 a - a +2 whip of freezing (weapon)
 b - a +2 blowgun
 r - a +0 war axe
 v - a +1 dagger of holy wrath
Missiles
 d - 37 sling bullets
 h - a curare-tipped needle
 m - 54 bolts
 w - 14 poisoned needles
 x - 4 javelins (quivered)
Armour
 c - a +0 ring mail (worn)
 n - a +0 scale mail
Jewellery
 p - a ring of positive energy (left hand)
 q - a ring of resist corrosion (right hand)
Wands
 o - a wand of disintegration (18)
Scrolls
 e - 2 scrolls of fear {unknown}
 g - 3 scrolls of remove curse {unknown}
 k - 3 scrolls of teleportation {unknown}
 l - 6 scrolls of identify {unknown}
Potions
 i - a potion of haste
 j - a potion of ambrosia {unknown}
 s - a potion of curing {unknown}
 t - a potion of invisibility
 u - a potion of cancellation {unknown}
Comestibles
 f - 5 rations
 z - a chunk of flesh


   Skills:
 + Level 2.6 Fighting
 + Level 0.9 Short Blades
 + Level 0.9 Long Blades
 + Level 0.9 Axes
 + Level 0.9 Maces & Flails
 + Level 0.9 Polearms
 + Level 0.9 Staves
 + Level 0.9 Slings
 + Level 0.9 Bows
 + Level 4.5 Crossbows
 + Level 2.6 Throwing
 + Level 0.9 Armour
 + Level 0.9 Dodging
 + Level 0.9 Stealth
 + Level 2.6 Shields
 + Level 0.9 Unarmed Combat
 + Level 0.9 Spellcasting
 + Level 0.6 Conjurations
 + Level 0.6 Hexes
 + Level 0.6 Charms
 + Level 0.6 Summonings
 + Level 0.6 Necromancy
 + Level 0.6 Translocations
 + Level 0.6 Transmutations
 + Level 0.6 Fire Magic
 + Level 0.6 Ice Magic
 + Level 3.8 Air Magic
 + Level 5.4 Earth Magic
 + Level 0.6 Poison Magic
 + Level 1.0 Invocations
 + Level 0.9 Evocations


You had 3 spell levels left.
You didn't know any spells.

Dungeon Overview and Level Annotations

Branches:
Dungeon (3/15)

Altars:
Hepliaklqana
Xom


Innate Abilities, Weirdness & Mutations

Your experience applies equally to all skills.
You have very sharp teeth.
Your uncanny sense of smell can sniff out nearby items.


Message History

It was a potion of invisibility.
You fade into invisibility!
The wyvern closely misses you. The wyvern barely misses you.
You are very lightly contaminated with residual magic.
It was a potion of haste.
You feel yourself speed up. The wyvern closely misses you.
You hit the wyvern but do no damage.
The wyvern is moderately wounded.
The wyvern barely misses you.
You hit the wyvern but do no damage.
The wyvern is moderately wounded.
The wyvern barely misses you. The wyvern bites you.
* * * LOW HITPOINT WARNING * * *
Found a stone staircase leading down.
You barely miss the wyvern.
The wyvern is moderately wounded.
You closely miss the wyvern.
The wyvern is moderately wounded.
The wyvern bites you!
You die...

#.. #. ######... #. #
......... +. #.
#.......#######. +..
+.......+....... ...
#.......###..... ..
#...............
#####.###.####..........
.......@l....†..........
>............#........#.
##.#####...#............
......#..#######.#. ∆
.......##.# ..#.
.....#+###.# #.#. .....
#.. ...... ##### +...
...#. #..##


You could see a wyvern.

Vanquished Creatures
  2 adders (D:2)
  A worm (D:2)
  A leopard gecko (D:3)
  An orc (D:3)
  2 bats
  A giant cockroach (D:1)
  2 goblins (D:2)
  2 hobgoblins (D:3)
  A quokka (D:2)
  2 ball pythons
  4 frilled lizards
  5 kobolds
  5 rats
29 creatures vanquished.

Notes
Turn   | Place    | Note
-------+----------+-------------------------------------------
     0 | D:1      | empire the Gnoll Wanderer began the quest for the Orb.
     0 | D:1      | empire set off with: a curare-tipped needle, a +2 blowgun, a +0 ring mail, a ration
     0 | D:1      | Reached XP level 1. HP: 17/17 MP: 1/1
   362 | D:1      | Reached XP level 2. HP: 23/23 MP: 2/2
   761 | D:2      | Reached XP level 3. HP: 26/28 MP: 3/3
   995 | D:2      | Reached skill level 1 in Invocations
  1218 | D:3      | Found a hazy altar of Hepliaklqana.
  1219 | D:3      | Found a shimmering altar of Xom.
  1220 | D:3      | Noticed a spectral ugly thing
  1243 | D:3      | Noticed a wyvern
  1260 | D:3      | Mangled by a wyvern

Vault maps used:
D:1:      minmay_arrival_four_houses, eino_curves_02
D:3:      cheibrodos_fertilizer, regret_index_temple_of_mockery,
          grunt_temple_overflow_gold_and_silver, nicolae_overflow_hidden_temple,
          okawaru_metal_pillars_1_2

Skill      XL: |  1  2  3 |
---------------+----------+-----
Invocations    | 1 |  1.0
Fighting       | |  2.6
Short Blades   | |  0.9
Long Blades    | |  0.9
Axes           | |  0.9
Maces & Flails | |  0.9
Polearms       | |  0.9
Staves         | |  0.9
Slings         | |  0.9
Bows           | |  0.9
Crossbows      | |  4.5
Throwing       | |  2.6
Armour         | |  0.9
Dodging        | |  0.9
Stealth        | |  0.9
Shields        | |  2.6
Unarmed Combat | |  0.9
Spellcasting   | |  0.9
Conjurations   | |  0.6
Hexes          | |  0.6
Charms         | |  0.6
Summonings     | |  0.6
Necromancy     | |  0.6
Translocations | |  0.6
Transmutations | |  0.6
Fire Magic     | |  0.6
Ice Magic      | |  0.6
Air Magic      | |  3.8
Earth Magic    | |  5.4
Poison Magic   | |  0.6
Evocations     | |  0.9

Action                   || total
-------------------------++-------
Melee: Unarmed           ||    20
       Short sword       ||    10
       Whip              ||    85
       Bite              ||     5
  Use: Potion            ||     2
  Eat: Chunk             ||     1
Armor: Ring mail         ||    53
Dodge: Dodged            ||    60

Table legend:
 A = Spawn XP
 B = Non-spawn XP
 C = Spawn XP percentage of total XP
 D = Spawn monster count
 E = Non-spawn monster count
 F = Spawn count percentage of total count
 G = Total turns spent on level
                    A         B        C        D         E        F      G
               +---------+---------+-------+---------+---------+-------+---------
         Total |       0 |      73 |   0.0 |       0 |      29 |   0.0 |  1260
               +---------+---------+-------+---------+---------+-------+---------
           D:1 |       0 |      11 |   0.0 |       0 |       8 |   0.0 |   613
           D:2 |       0 |      48 |   0.0 |       0 |      14 |   0.0 |   444
           D:3 |       0 |      14 |   0.0 |       0 |       7 |   0.0 |   203
               +---------+---------+-------+---------+---------+-------+---------
